 Dungeon Crawl Stone Soup version 0.22.0 (console) character file.

9356 thesubatomic the Destroyer (level 11, -5/64 HPs)
             Began as a Deep Elf Conjurer on Aug 10, 2018.
             Was a Believer of Vehumet.
             Shot with an arrow by a centaur warrior (12 damage)
             ... on level 9 of the Dungeon.
             The game lasted 00:38:42 (13450 turns).

thesubatomic the Destroyer (Deep Elf Conjurer)     Turns: 13450, Time: 00:38:43

Health: -5/64      AC:  7    Str:  8    XL:     11   Next: 22%
Magic:  16/27      EV: 13    Int: 21    God:    Vehumet [**....]
Gold:   398        SH:  3    Dex: 15    Spells: 23/31 levels left

rFire    + . .     SeeInvis .   t - +3 short sword (protect)
rCold    . . .     Gourm    .   (no shield)
rNeg     + + .     Faith    .   H - +1 robe of the Pink Corner {rF+ rN++ Stlth+}
rPois    .         Spirit   .   s - +0 helmet
rElec    .         Reflect  +   N - +0 cloak
rCorr    +         Harm     .   k - +0 pair of gloves
MR       +....                  p - +0 pair of boots
Stlth    +++.......             A - +3 amulet of reflection
HPRegen  0.20/turn              v - ring of resist corrosion
MPRegen  0.20/turn              (no ring)

@: about to teleport
A: no striking features
a: Renounce Religion


You were on level 9 of the Dungeon.
You worshipped Vehumet.
Vehumet was pleased with you.
You were very hungry.

You visited 2 branches of the dungeon, and saw 11 of its levels.

You collected 580 gold pieces.
You spent 182 gold pieces at shops.

Inventory:

Hand Weapons
 g - a +0 whip
 t - a +3 short sword of protection (weapon)
 E - a +2 whip of freezing
Missiles
 f - 76 poisoned needles
Armour
 a - a +0 robe
 k - a +0 pair of gloves (worn)
 p - a +0 pair of boots (worn)
 s - a +0 helmet (worn)
 H - the +1 robe of the Pink Corner (worn) {rF+ rN++ Stlth+}
   (You bought it in a shop on level 5 of the Dungeon)

   It protects you from fire.
   It greatly protects you from negative energy.
   It makes you more stealthy.
 N - a +0 cloak (worn)
 Q - a +0 buckler
Magical Staves
 J - an uncursed staff of death
Jewellery
 v - a ring of resist corrosion (left hand)
 A - a +3 amulet of reflection (around neck)
 R - an uncursed ring of wizardry {unknown}
Wands
 C - a wand of disintegration (17)
 F - a wand of random effects (33)
 P - a wand of paralysis (8)
 S - a wand of scattershot (1)
Scrolls
 b - 4 scrolls of enchant weapon
 d - a scroll of noise {unknown}
 h - 2 scrolls of fear
 i - 13 scrolls of identify
 n - 4 scrolls of teleportation
 q - a scroll of random uselessness {unknown}
 r - 5 scrolls of remove curse
 w - a scroll of fog {unknown}
 y - a scroll of brand weapon {unknown}
 B - 2 scrolls of magic mapping {unknown}
 K - 2 scrolls of amnesia {unknown}
 O - a scroll of immolation {unknown}
Potions
 e - 2 potions of curing
 j - a potion of agility
 l - 3 potions of heal wounds {unknown}
 m - a potion of flight {unknown}
 o - a potion of degeneration {unknown}
 u - a potion of cancellation {unknown}
 x - 6 potions of lignification
 z - a potion of brilliance {unknown}
 D - a potion of might {unknown}
 G - a potion of mutation {unknown}
 I - a potion of magic {unknown}
 L - 2 potions of haste {unknown}
 M - 2 potions of invisibility {unknown}
Comestibles
 c - 16 rations


   Skills:
 + Level 5.2 Fighting
 - Level 2.4 Dodging
 + Level 3.2 Stealth
 + Level 2.1 Shields
 + Level 10.7 Spellcasting
 + Level 14.7 Conjurations
 + Level 2.8 Fire Magic


You had 23 spell levels left.
You knew the following spells:

 Your Spells              Type           Power        Failure   Level  Hunger
a - Magic Dart            Conj           ####         0%          1    None
b - Searing Ray           Conj           ######       1%          2    None
c - Iskenderun's Mystic   Conj           ######..     1%          4    ##.....
d - Flame Tongue          Conj/Fire      #####        1%          1    None

Your spell library contained the following spells:

 Spells                   Type           Power        Failure   Level  Hunger
 Fulminant Prism          Conj/Hex       #####.....   3%          4    ##.....
 Dazzling Spray           Conj/Hex       #####.       1%          3    None
 Force Lance              Conj/Tloc      #####...     3%          4    ##.....


Dungeon Overview and Level Annotations

Branches:
Dungeon (10/15)            Temple (1/1) D:7            Lair (0/6) D:10
    Orc (0/2) D:9

Altars:
Ashenzari
Cheibriados
Dithmenos
Elyvilon
Fedhas
Gozag
Hepliaklqana
Kikubaaqudgha
Makhleb
Nemelex Xobeh
Okawaru
Qazlal
Ru
Sif Muna
Trog
Uskayaw
Vehumet
Wu Jian
Xom
Yredelemnul
Zin
The Shining One

Shops:
D:5 [

Annotations:
D:10 exclusion: oklob plant


Message History

The centaur warrior is lightly wounded.
The centaur warrior unwields an uncursed shortbow.
The centaur warrior hits you!
* * * LOW HITPOINT WARNING * * *
You feel better. The centaur warrior barely misses you.
You feel better. The centaur warrior hits you!
* * * LOW HITPOINT WARNING * * *
The centaur warrior hits you.
* * * LOW HITPOINT WARNING * * *
As you read the scroll of teleportation, it crumbles to dust.
You feel strangely unstable.
The centaur warrior hits you but does no damage.
The centaur warrior wields an uncursed shortbow.
The centaur warrior shoots an arrow.
The arrow hits you!
* * * LOW HITPOINT WARNING * * *
The centaur warrior shoots an arrow.
The arrow closely misses you.
You see here 2 arrows.
The centaur warrior shoots an arrow.
The arrow misses you.
The centaur warrior shoots an arrow.
The arrow hits you!
You die...

#####..........#
###........#
##.......#
##......# #......#
##.....# #.....#
#.....# . #.....#
###
#####.#####....#
..##.@..#....#....#
..#.##...##.#....#
#.#(##...##.#....#
#)#(..###...#!...#
#.c#..#$#..#'....#
#.#...#.#...#.##.#
#.#.##...##.#.# .#
..#.##...##.#.# >#
..##....#...%#..
### #####.#####..
#.# ....


You could see a centaur warrior.

Vanquished Creatures
  2 two-headed ogres (D:8)
  Pikel (D:4)
  A deep elf mage (D:10)
  A hippogriff (D:8)
  Sigmund (D:3)
  4 yaks (D:10)
  A spriggan (D:10)
  A hungry ghost (D:9)
  Edmund (D:5)
  2 water moccasins
  2 slaves (D:4)
  2 ice beasts
  4 orc warriors
  2 black bears (D:8)
  A phantom (D:5)
  11 ogres
  5 centaurs
  A big kobold (D:8)
  Blork the orc (D:6)
  5 bullfrogs
  2 gnoll sergeants (D:8)
  4 scorpions
  10 killer bees
  11 wights
  A howler monkey (D:5)
  2 crimson imps
  3 jellies
  9 hounds
  3 gnoll shamans
  4 orc priests
  A bullfrog skeleton (D:5)
  2 centaur skeletons
  9 orc wizards
  Crazy Yiuf (D:6)
  2 iguanas
  4 worker ants
  A mummy (D:6)
  A worker ant zombie (D:6)
  Robin (D:4)
  2 howler monkey skeletons
  12 gnolls
  8 adders
  7 shadow imps
  9 oozes (D:4)
  An adder skeleton (D:4)
  2 adder zombies
  A worm (D:3)
  A dart slug (D:2)
  4 leopard geckos
  31 orcs
  5 bats
  7 giant cockroaches
  19 goblins
  17 hobgoblins
  8 jackals
  18 kobolds
  5 frilled lizards
  2 hobgoblin zombies (D:6)
  A kobold zombie (D:6)
  A leopard gecko skeleton (D:4)
  A leopard gecko zombie (D:8)
  An orc zombie (D:6)
  A quokka zombie (D:6)
  3 rats
287 creatures vanquished.

Vanquished Creatures (others)
  2 killer bees (D:10)
  A wight (D:10)
  7 plants (D:8)
  10 toadstools (D:4)
20 creatures vanquished.

Grand Total: 307 creatures vanquished

Notes
Turn   | Place    | Note
-------+----------+-------------------------------------------
     0 | D:1      | thesubatomic the Deep Elf Conjurer began the quest for the Orb.
     0 | D:1      | Reached XP level 1. HP: 10/10 MP: 6/6
   321 | D:1      | Reached XP level 2. HP: 15/15 MP: 4/8
   789 | D:2      | Reached skill level 5 in Conjurations
   789 | D:2      | Reached XP level 3. HP: 19/19 MP: 3/10
  1552 | D:1      | Learned a level 2 spell: Searing Ray
  1562 | D:1      | Reached XP level 4. HP: 16/24 MP: 8/12
  1718 | D:2      | Found a faded altar of an unknown god.
  2046 | D:3      | Noticed Sigmund
  2052 | D:3      | Killed Sigmund
  2052 | D:3      | Reached skill level 6 in Conjurations
  2052 | D:3      | Reached XP level 5. HP: 28/28 MP: 6/15
  2169 | D:3      | Reached XP level 6. HP: 32/32 MP: 7/17
  2827 | D:3      | Found a snail-covered altar of Cheibriados.
  2828 | D:3      | Found a sacrificial altar of Ru.
  2949 | D:4      | Reached skill level 7 in Conjurations
  3179 | D:4      | Reached skill level 8 in Conjurations
  3179 | D:4      | Reached XP level 7. HP: 36/36 MP: 10/18
  3238 | D:4      | Learned a level 4 spell: Iskenderun's Mystic Blast
  3318 | D:4      | Noticed Robin
  3320 | D:4      | Killed Robin
  3695 | D:4      | Noticed Pikel
  3699 | D:4      | Killed Pikel
  3699 | D:4      | Reached skill level 10 in Conjurations
  3699 | D:4      | Reached XP level 8. HP: 41/41 MP: 2/19
  4193 | D:5      | Entered Level 5 of the Dungeon
  4301 | D:5      | Found Ilicw's Antique Armour Shoppe.
  4312 | D:5      | Bought an ancient robe for 182 gold pieces
  4312 | D:5      | Identified the +1 robe of the Pink Corner {rF+ rN++ Stlth+} (You bought it in a shop on level 5 of the Dungeon)
  4393 | D:5      | Reached skill level 11 in Conjurations
  4954 | D:5      | Noticed Edmund
  4971 | D:5      | Killed Edmund
  4971 | D:5      | Reached skill level 12 in Conjurations
  5107 | D:5      | Reached XP level 9. HP: 45/45 MP: 12/20
  5716 | D:6      | Noticed Blork the orc
  5723 | D:6      | Killed Blork the orc
  6046 | D:6      | Reached skill level 13 in Conjurations
  6351 | D:6      | Found a runed door.
  6532 | D:6      | Noticed Crazy Yiuf
  6535 | D:6      | Killed Crazy Yiuf
  6590 | D:6      | Reached skill level 1 in Fighting
  7159 | D:6      | Found a shimmering altar of Xom.
  7161 | D:6      | Found a shimmering altar of Xom.
  7174 | D:6      | Found a shimmering altar of Xom.
  7174 | D:6      | Found a shimmering altar of Xom.
  7174 | D:6      | Found a shimmering altar of Xom.
  7174 | D:6      | Found a shimmering altar of Xom.
  7177 | D:6      | Found a shimmering altar of Xom.
  7460 | D:7      | Found a staircase to the Ecumenical Temple.
  7469 | Temple   | Entered the Ecumenical Temple
  8510 | D:7      | Reached XP level 10. HP: 55/55 MP: 19/24
  8746 | D:3      | Found a radiant altar of Vehumet.
  8746 | D:3      | Found an ornate altar of the Wu Jian Council.
  8749 | D:3      | Found a deep blue altar of Sif Muna.
  8769 | D:3      | Became a worshipper of Vehumet
  9443 | D:8      | Reached skill level 14 in Conjurations
  9863 | D:8      | Noticed a two-headed ogre
  9870 | D:8      | HP: 1/56 [two-headed ogre/great mace (27)]
  9872 | D:8      | Killed a two-headed ogre
 10221 | D:8      | Noticed a two-headed ogre
 10231 | D:8      | Killed a two-headed ogre
 10325 | D:8      | Reached skill level 10 in Spellcasting
 10620 | D:8      | Reached * piety under Vehumet
 10620 | D:8      | Offered knowledge of Flame Tongue by Vehumet.
 10643 | D:8      | Learned a level 1 spell: Flame Tongue
 10987 | D:8      | Reached skill level 1 in Fire Magic
 11240 | D:8      | Reached skill level 1 in Shields
 11539 | D:8      | You fall through a shaft for 2 floors!
 11539 | D:10     | Entered Level 10 of the Dungeon
 11539 | D:10     | Found a staircase to the Lair.
 11539 | D:10     | Noticed an oklob plant
 11714 | D:10     | Offered knowledge of Sting by Vehumet.
 11881 | D:10     | Reached ** piety under Vehumet
 11888 | D:10     | Reached skill level 5 in Fighting
 11893 | D:10     | Reached XP level 11. HP: 47/63 MP: 7/27
 12620 | D:10     | Noticed a deep elf mage
 12626 | D:10     | Killed a deep elf mage
 13336 | D:9      | Found a staircase to the Orcish Mines.
 13439 | D:9      | Noticed a centaur warrior
 13450 | D:9      | Shot with an arrow by a centaur warrior

Skill      XL: |  1  2  3  4  5  6  7  8  9 10 11 |
---------------+----------------------------------+-----
Spellcasting   | 4 6 8 10 | 10.7
Conjurations   | 5 6 8 10 12 13 14 | 14.7
Fighting       | 2 5 |  5.2
Fire Magic     | 2 |  2.8
Shields        | 1 2 |  2.1
Stealth        | 3 |  3.2
Dodging        | |  2.4

Action                   |  1- 3 |  4- 6 |  7- 9 | 10-12 || total
-------------------------+-------+-------+-------+-------++-------
Melee: Short sword       |       |       |     7 |     5 ||    12
 Cast: Magic Dart        |    63 |    77 |   214 |   157 ||   511
       Searing Ray       |     1 |     9 |    51 |    52 ||   113
       Iskenderun's Myst |       |       |    19 |    16 ||    35
  Use: Scroll            |       |       |     5 |     9 ||    14
       Potion            |       |       |       |     3 ||     3
  Eat: Chunk             |     2 |     5 |    14 |    12 ||    33
       Ration            |       |       |     1 |     1 ||     2
Armor: Robe              |     2 |     1 |    32 |    27 ||    62
Dodge: Dodged            |    15 |     2 |    73 |    88 ||   178
Block: Other             |       |       |     9 |    19 ||    28
       Reflection        |       |       |     1 |       ||     1
